 Dungeon Crawl Stone Soup version 0.28-a0-2-g643f2454ad (webtiles) character file.

Game seed: 8579908683746386728

940 Leibowitz the Covered (level 8, -4/60 HPs)
             Began as a Human Fighter on July 22, 2021.
             Slain by an iguana (5 damage)
             ... on level 5 of the Dungeon.
             The game lasted 00:10:02 (7551 turns).

Leibowitz the Covered (Human Fighter)               Turns: 7551, Time: 00:10:03

Health: -4/60      AC:  7    Str: 17    XL:     8   Next: 34%
Magic:  8/8        EV:  3    Int:  9    God:
Gold:   622        SH:  9    Dex: 14    Spells: 7/7 levels left

rFire   . . .      SeeInvis .   a - +0 long sword
rCold   . . .      Faith    .   c - +0 kite shield
rNeg    . . .      Spirit   .   f - +0 plate armour
rPois   .          Reflect  .   (no helmet)
rElec   .          Harm     .   (no cloak)
rCorr   .          Rampage  .   (no gloves)
Will    .....                   (no boots)
Stlth   ..........              (no amulet)
HPRegen 0.20/turn               (no ring)
MPRegen 0.11/turn               (no ring)

@: flying
A: hooves 1, deformed body, high mp 1, mutation resistance 1
a: no special abilities


You were on level 5 of the Dungeon.
You visited 1 branch of the dungeon, and saw 5 of its levels.

You collected 622 gold pieces.

Inventory:

Hand Weapons
 a - a +0 long sword (weapon)
Missiles
 e - a throwing net (quivered)
Armour
 c - a +0 kite shield (worn)
 f - a +0 plate armour (worn)
Scrolls
 h - 3 scrolls of noise {unknown}
 k - 4 scrolls of magic mapping {unknown}
 l - a scroll of fog {unknown}
 m - a scroll of fear {unknown}
 n - a scroll of silence {unknown}
 o - a scroll of identify {unknown}
Potions
 d - a potion of might
 g - a potion of invisibility {unknown}
 i - a potion of lignification {unknown}
 j - 3 potions of flight


   Skills:
 + Level 4.1 Fighting
 + Level 5.9 Long Blades
 + Level 5.9 Armour
 + Level 1.3 Dodging
 + Level 0.2 Stealth
 + Level 4.5 Shields


You had 7 spell levels left.
You didn't know any spells.
Your spell library contained the following spells:

 Spells                   Type           Power      Damage    Failure   Level
 Magic Dart               Conj           0%         1d3       100%        1
 Blink                    Tloc           N/A        N/A       100%        2
 Call Imp                 Summ           0%         N/A       100%        2
 Gell's Gravitas          Tloc           0%         N/A       100%        3
 Ignite Poison            Fire/Tmut/Pois 0%         N/A       100%        3
 Mephitic Cloud           Conj/Pois/Air  0%         N/A       100%        3
 Teleport Other           Tloc           0%         N/A       100%        3
 Bolt of Magma            Conj/Fire/Erth 0%         4d4       100%        5
 Manifold Assault         Tloc           0%         N/A       100%        5
 Dispersal                Tloc           0%         N/A       100%        6
 Storm Form               Tmut/Air       0%         N/A       100%        7


Dungeon Overview and Level Annotations

Branches:
Dungeon (5/15)
 Temple: D:4-7

Altars:

Annotations:
D:3 2 runed translucent doors, stripedtigrrr's ghost, amateur OpWn


Innate Abilities, Weirdness & Mutations

You have large cloven feet.
Armour fits poorly on your strangely shaped body.
You have an increased reservoir of magic. (+10% MP)
You are somewhat resistant to further mutation.


Message History

The iguana is almost dead.
Your shield and plate armour prevent you from hitting the iguana.
The iguana is almost dead.
The iguana bites you but does no damage.
You hit the iguana but do no damage.
The iguana is almost dead.
The iguana bites you but does no damage.
You closely miss the iguana.
The iguana is almost dead.
The iguana bites you.
* * * LOW HITPOINT WARNING * * *
The iguana bites you.
* * * LOW HITPOINT WARNING * * *
You closely miss the iguana.
The iguana is almost dead.
You block the iguana's attack.
You barely miss the iguana.
The iguana is almost dead.
The iguana bites you but does no damage.
You hit the iguana but do no damage.
The iguana is almost dead.
The iguana bites you.
* * * LOW HITPOINT WARNING * * *
The iguana bites you but does no damage.
You hit the iguana but do no damage.
The iguana is almost dead.
The iguana bites you.
* * * LOW HITPOINT WARNING * * *
You hit the iguana but do no damage.
The iguana is almost dead.
The iguana bites you but does no damage.
Unknown command.
It was a potion of flight.
You feel very buoyant.
You fly up into the air.
You block the iguana's attack.
It was a potion of mutation.
You feel extremely strange.
You feel more energetic.
Your body twists and deforms.
Your feet thicken and deform.
You feel genetically stable. The iguana bites you.
You die...

#.##.##.#####.#.#
#.##.##.....#.#.#
#.# #####.#.#.#
###.# #.#.#.# #....
#.#.#.# #..##
#####....#. #..#
##...#...#.# #.l#
#..#........ #.@#
#....##.##.. #..#
#...###.##..
#..#####...........
#...........##.###.
#.######..#.##.# #.
#..............# #.
########..#.#### #.
#..).#### #.
#.......# #.


You could see an iguana.

Vanquished Creatures
  A sky beast (D:5)
  2 phantoms
  2 scorpions (D:4)
  A water moccasin zombie (D:5)
  A gnoll shaman (D:5)
  A hound (D:2)
  An orc priest (D:3)
  A centaur skeleton (D:4)
  An iguana (D:5)
  2 hound skeletons
  2 howler monkey skeletons (D:4)
  5 adders
  19 gnolls
  A white imp (D:5)
  2 worms (D:3)
  A dart slug (D:3)
  3 orcs
  9 endoplasms
  4 giant cockroaches
  13 goblins
  5 hobgoblins
  9 jackals
  9 kobolds
  6 quokkas
  11 ball pythons
  6 bats
  5 frilled lizards
  6 rats
129 creatures vanquished.

Notes
Turn   | Place    | Note
-------+----------+-------------------------------------------
     0 | D:1      | Leibowitz the Human Fighter began the quest for the Orb.
     0 | D:1      | Reached XP level 1. HP: 18/18 MP: 1/1
   255 | D:1      | Reached XP level 2. HP: 15/24 MP: 2/2
   812 | D:1      | Reached XP level 3. HP: 29/29 MP: 3/3
  1870 | D:2      | Reached XP level 4. HP: 32/35 MP: 4/4
  2246 | D:2      | Found a faded altar of an unknown god.
  2480 | D:2      | Reached XP level 5. HP: 23/41 MP: 5/5
  2494 | D:2      | HP: 2/41 [gnoll (3)]
  3544 | D:3      | Reached XP level 6. HP: 21/47 MP: 6/6
  3545 | D:3      | HP: 2/47 [gnoll (12)]
  3887 | D:3      | Found a large runed translucent door.
  3888 | D:3      | Found a large runed translucent door.
  3891 | D:3      | Noticed stripedtigrrr's ghost (amateur OpWn)
  4043 | D:3      | Reached skill level 1 in Dodging
  4512 | D:3      | Reached skill level 5 in Armour
  5376 | D:4      | Reached XP level 7. HP: 29/53 MP: 7/7
  6698 | D:5      | Entered Level 5 of the Dungeon
  6739 | D:5      | Reached skill level 5 in Long Blades
  6910 | D:5      | Reached XP level 8. HP: 43/60 MP: 8/8
  7548 | D:5      | HP: 1/60 [iguana (4)]
  7551 | D:5      | Gained mutation: You have an increased reservoir of magic.
                  | (+10% MP) [potion of mutation]
  7551 | D:5      | Gained mutation: Armour fits poorly on your strangely
                  | shaped body. [potion of mutation]
  7551 | D:5      | Gained mutation: You have large cloven feet. [potion of
                  | mutation]
  7551 | D:5      | Gained mutation: You are somewhat resistant to further
                  | mutation. [potion of mutation]
  7551 | D:5      | Slain by an iguana

Illustrated notes

Levels and vault maps discovered:
D:1:      eino_arrival_cavern_b, layout_basic, minmay_close_crescents
D:2:      layout_basic, shapermc_ecumenical_altar_totnotflames
D:3:      layout_basic, ebering_ghost_disaster_area
D:4:      minmay_polygon_palace, layout_basic, minmay_circle_x
D:5:      layout_loops_ring, temple_green, uniq_eustachio

Skill      XL: |  1  2  3  4  5  6  7 |
---------------+----------------------+-----
Long Blades    | 3 5 |  5.9
Armour         | 4 5 |  5.9
Dodging        | 1 |  1.3
Shields        | 4 |  4.5
Fighting       | 4 |  4.1
Stealth        | |  0.2

Action                   |  1- 3 |  4- 6 |  7- 9 || total
-------------------------+-------+-------+-------++-------
Melee: Long sword        |   130 |   227 |   219 ||   576
Throw: Throwing net      |       |     1 |       ||     1
  Use: Potion            |       |       |     2 ||     2
Armor: Scale mail        |     7 |       |       ||     7
       Plate armour      |    91 |   177 |   176 ||   444
Dodge: Dodged            |    20 |    38 |    18 ||    76
Block: Kite shield       |    77 |   143 |   124 ||   344
       Rpst.: Long sword |     8 |    14 |     6 ||    28

Table legend: (Time is in decaauts)
 A = Elapsed time spent in this place.
 B = Non-inter-level travel time spent in this place.
 C = Inter-level travel time spent in this place.
 D = Time resting spent in this place.
 E = Time spent auto-exploring this place.
 F = Levels seen in this place.
 G = Mean time per level.
                   A        B        C        D        E       F      G
               +--------+--------+--------+--------+--------+-----+--------+
         Total |   7813 |   7694 |    119 |   2129 |   4062 |   5 | 1562.6 |
       Dungeon |   7813 |   7694 |    119 |   2129 |   4062 |   5 | 1562.6 |
               +--------+--------+--------+--------+--------+-----+--------+

Top non-repeatable levels by time:
     D:4: 1983 daAuts
     D:2: 1906 daAuts
     D:3: 1662 daAuts
     D:1: 1469 daAuts
     D:5: 791 daAuts
